 Dungeon Sprint DCSS version 0.31-a0-949-g57150269e1 (webtiles) character file.

Game seed: 10904405086410565387

7632 sircluck the Brawler (level 10, -18/119 HPs)
             Began as a Troll Berserker on Oct 22, 2023.
             Was a High Priest of Trog.
             Hit by a silver javelin thrown by a minotaur (36 damage)
             ... in the Dungeon (Sprint VII: "The Pits").
             The game lasted 00:03:04 (929 turns).

sircluck the Brawler (Troll Berserker)               Turns: 929, Time: 00:03:04

Health: -18/119    AC:  5    Str: 31    XL:     10   Next: 98%
Magic:  9/9        EV: 16    Int:  3    God:    Trog [*****.]
Gold:   0          SH:  0    Dex:  9    Spells: 9/9 levels left

rFire   . .          .
                       - Unarmed
rCold   . . .        (no shield)
rNeg    . . .        m - +0 troll leather armour
rPois   .            (helmet restricted)
rElec   .            (no cloak)
rCorr   .            (gloves unavailable)
SInv    .            (boots unavailable)
Will    .....        (no amulet)
Stlth   +            k - +3 ring of evasion
HPRegen 1.99/turn    (no ring)
MPRegen 0.11/turn

%: no teleportation
@: no status effects
A: large, unfitting armour, claws 3, regeneration 1, shaggy fur 1, tough skin 1
a: Renounce Religion, Berserk, Trog's Hand, Brothers in Arms


You were in the Dungeon.
You worshipped Trog.
Trog was extremely pleased with you.
You visited 1 branch

Inventory:

Armour
 a - a +0 animal skin
 m - a +0 troll leather armour (worn)
Jewellery
 k - a +3 ring of evasion (left claw)
 l - a +3 ring of intelligence
Scrolls
 g - a scroll of blinking
 i - 2 scrolls of vulnerability
 j - a scroll of butterflies
Potions
 b - 8 potions of curing
 c - 10 potions of heal wounds
 d - a potion of haste
 e - 4 potions of magic
 f - 4 potions of berserk rage
 h - 2 potions of invisibility


   Skills:
 + Level 13.1 Fighting
 + Level 5.2 Armour
 + Level 13.0 Dodging
 + Level 15.3 Unarmed Combat


You had 9 spell levels left.
You didn't know any spells.
Your spell library was empty.

Dungeon Overview and Level Annotations

Branches:
Dungeon (1/1)

Altars:
Ashenzari
Cheibriados
Dithmenos
Elyvilon
Fedhas
Gozag
Hepliaklqana
Kikubaaqudgha
Makhleb
Nemelex Xobeh
Okawaru
Qazlal
Ru
Sif Muna
Trog
Uskayaw
Vehumet
Wu Jian
Xom
Yredelemnul
Zin
The Shining One
Jiyva
Lugonu


Innate Abilities, Weirdness & Mutations

You are too large for most types of armour.
You have claws for hands.
Your natural rate of healing is unusually fast.
You are covered in fur. (AC +1)
You have tough skin. (AC +1)


Message History

There is an open door, spattered with blood here.
Unknown command.
Your deep troll goes berserk!
Your troll is no longer berserk.
The snapping turtle bites you but does no damage.
Your troll bites the minotaur!
Your troll claws the minotaur but does no damage.
Your troll barely misses the minotaur.
The yak is engulfed in blazing flames.
The minotaur hits your troll! The minotaur barely misses your troll.
Unknown command.
The snapping turtle bites your deep troll!
Your deep troll bites the efreet.
Your deep troll claws the efreet but does no damage.
Your deep troll barely misses the efreet.
Your troll barely misses the minotaur.
The minotaur furiously retaliates!
The minotaur headbutts your troll!
Your troll closely misses the minotaur.
Your troll claws the minotaur but does no damage.
The yak is engulfed in blazing flames.
The minotaur barely misses your troll. The minotaur gores your troll.
Your troll dies!
Your troll's corpse disappears in a puff of smoke!
The efreet gestures at you.
The fireball explodes!
The fireball engulfs you!!
* * * LOW HITPOINT WARNING * * *
The fireball engulfs the efreet.
The efreet completely resists.
You mangle the efreet!! You claw the efreet!
You kill the efreet!
Trog accepts your kill.
Your deep troll bites the yak!
Your deep troll claws the yak!!
The yak dies!
Trog accepts your kill.
The snapping turtle bites your deep troll!
Your Dodging skill increases to level 13!
Unknown command.
Unknown command.
Your deep troll bites the snapping turtle!!
The snapping turtle dies!
Trog accepts your kill.
The minotaur throws a silver javelin.
The silver javelin pierces through you!!!
You die...

.............+
...#..#......#
.............#
'#####)'###### ....##†'###
###### ####
....##....##..+... #...###
....##...##...#..##......#
<...##..##...##..#T.Y.....
....##.)#...##..@)°°HY....
....##.†††.##....###Y.....
....##.##†.#.......###....
########...+.........##...
#######....#....####..##..
!.[[##..#..##..##..##).+ .
.![[##.###..##.+....'..#
..))####.##÷.#.##..##..#
.!))###..)'..'..####...##


You could see a minotaur, 3 yaks and a friendly deep troll (summoned, berserk).

Vanquished Creatures
  2 flayed ghosts (D)
  A sea snake (D)
  An efreet (D)
  A snapping turtle (D)
  A glass eye (D)
  2 dream sheep (D)
  A wraith (D)
  5 yaks (D)
  A fire bat (D)
  Menkaure (D)
  An orc warrior (D)
  A wolf (D)
  A gnoll sergeant (D)
  A bullfrog (D)
  A crimson imp (D)
  An orc priest (D)
  An orc wizard (D)
  3 gnolls (D)
  2 white imps (D)
  An ufetubus (D)
  6 orcs (D)
  2 bats (D)
  A bat skeleton (D)
  A bat zombie (D)
  3 endoplasms (D)
  A goblin (D)
  7 jackals (D)
  A ball python skeleton (D)
51 creatures vanquished.

Vanquished Creatures (collateral kills)
  A death yak (D)
  Sonja (D)
  A deep troll (D)
  An orc sorcerer (D)
  A molten gargoyle (D)
  2 snapping turtles (D)
  3 dream sheep (D)
  3 yaks (D)
  A wraith (D)
  An endoplasm (D)
15 creatures vanquished.

Grand Total: 66 creatures vanquished

Notes
Turn   | Place    | Note
-------+----------+-------------------------------------------
     0 | D        | sircluck the Troll Berserker began the quest for the Orb.
     0 | D        | Reached XP level 1. HP: 22/22 MP: 0/0
    11 | D        | Noticed a glass eye
    26 | D        | Killed a glass eye
    27 | D        | Reached skill level 5 in Fighting
    27 | D        | Reached skill level 5 in Dodging
    27 | D        | Reached skill level 7 in Unarmed Combat
    27 | D        | Reached XP level 2. HP: 36/36 MP: 1/1
    27 | D        | Reached XP level 3. HP: 44/44 MP: 2/2
    27 | D        | Reached XP level 4. HP: 52/52 MP: 3/3
    27 | D        | Reached XP level 5. HP: 59/59 MP: 4/4
    31 | D        | Found a bloodstained altar of Trog.
    31 | D        | Found a shimmering blue altar of Sif Muna.
    31 | D        | Found a viscous altar of Jiyva.
    31 | D        | Found a hazy altar of Hepliaklqana.
    31 | D        | Found an opulent altar of Gozag.
    32 | D        | Found a glowing golden altar of the Shining One.
    32 | D        | Found a glowing silver altar of Zin.
    32 | D        | Found a basalt altar of Yredelemnul.
    32 | D        | Found a shimmering altar of Xom.
    32 | D        | Found an ornate altar of the Wu Jian Council.
    32 | D        | Found a sacrificial altar of Ru.
    32 | D        | Found a stormy altar of Qazlal.
    32 | D        | Found an iron altar of Okawaru.
    32 | D        | Found a sparkling altar of Nemelex Xobeh.
    32 | D        | Found a burning altar of Makhleb.
    32 | D        | Found a blossoming altar of Fedhas.
    32 | D        | Found a white marble altar of Elyvilon.
    32 | D        | Found a shadowy altar of Dithmenos.
    32 | D        | Found a snail-covered altar of Cheibriados.
    34 | D        | Found a radiant altar of Vehumet.
    34 | D        | Found a corrupted altar of Lugonu.
    35 | D        | Found a hide-covered altar of Uskayaw.
    35 | D        | Found an ancient bone altar of Kikubaaqudgha.
    35 | D        | Found a broken altar of Ashenzari.
    72 | D        | Reached ** piety under Trog
    88 | D        | Reached *** piety under Trog
   109 | D        | Reached **** piety under Trog
   191 | D        | Reached XP level 6. HP: 62/68 MP: 5/5
   208 | D        | Reached ***** piety under Trog
   224 | D        | Reached skill level 8 in Unarmed Combat
   224 | D        | Noticed an orc warrior
   228 | D        | Received a gift from Trog
   240 | D        | Killed an orc warrior
   298 | D        | Noticed Menkaure
   303 | D        | Killed Menkaure
   303 | D        | Received a gift from Trog
   304 | D        | Reached skill level 9 in Unarmed Combat
   304 | D        | Reached XP level 7. HP: 70/79 MP: 6/6
   342 | D        | Noticed a snapping turtle
   342 | D        | Noticed an orc sorcerer
   352 | D        | Killed an orc sorcerer
   353 | D        | Reached skill level 10 in Unarmed Combat
   353 | D        | Reached XP level 8. HP: 16/92 MP: 7/7
   355 | D        | Killed a snapping turtle
   356 | D        | Reached skill level 11 in Unarmed Combat
   510 | D        | Reached ****** piety under Trog
   512 | D        | Received a gift from Trog
   520 | D        | Noticed a dream sheep
   520 | D        | Noticed a dream sheep
   520 | D        | Noticed a dream sheep
   520 | D        | Noticed a dream sheep
   520 | D        | Noticed a dream sheep
   521 | D        | Noticed a death yak
   524 | D        | Killed a death yak
   525 | D        | Reached skill level 10 in Fighting
   525 | D        | Reached skill level 10 in Dodging
   525 | D        | Reached skill level 12 in Unarmed Combat
   525 | D        | Killed a dream sheep
   526 | D        | Reached XP level 9. HP: 102/102 MP: 8/8
   530 | D        | Reached skill level 13 in Unarmed Combat
   539 | D        | Received a gift from Trog
   601 | D        | Noticed a molten gargoyle
   601 | D        | Noticed a deep troll
   606 | D        | Killed a deep troll
   607 | D        | Reached skill level 14 in Unarmed Combat
   607 | D        | Reached XP level 10. HP: 115/115 MP: 9/9
   614 | D        | Killed a molten gargoyle
   615 | D        | Reached skill level 1 in Armour
   694 | D        | Noticed a sea snake
   708 | D        | Killed a sea snake
   844 | D        | Noticed a flayed ghost
   856 | D        | Killed a flayed ghost
   856 | D        | Received a gift from Trog
   886 | D        | Noticed Sonja
   886 | D        | Noticed a flayed ghost
   893 | D        | Killed a flayed ghost
   893 | D        | Killed Sonja
   894 | D        | Reached skill level 15 in Unarmed Combat
   918 | D        | Noticed a minotaur
   925 | D        | Reached skill level 5 in Armour
   929 | D        | Hit by a silver javelin thrown by a minotaur

Illustrated notes

Levels and vault maps discovered:
D:        pitsprint [storerooms_1, entrance_room_1, metal_vault_7, armoury_1,
          mini_pit_1, grid_room_1, main_hall_1, silver_pit, the_coven_2,
          the_vestibule_1, steel_vault_5, golden_pit, hallway_of_sentries,
          crystal_vault_2, iron_vault_1, final_vault]

Skill      XL: |  1  2  3  4  5  6  7  8  9 10 |
---------------+-------------------------------+-----
Fighting       | 5 6 7 9 10 12 13 | 13.1
Dodging        | 5 6 7 9 10 11 13 | 13.0
Unarmed Combat | 7 9 10 12 14 15 | 15.3
Armour         | 5 |  5.2

Action                     |  1- 3 |  4- 6 |  7- 9 | 10-12 || total
---------------------------+-------+-------+-------+-------++-------
  Melee: Unarmed           |    14 |    54 |    48 |    42 ||   158
         Punch             |     2 |     2 |     3 |     3 ||    10
 Invoke: Berserk           |       |     1 |       |     1 ||     2
         Brothers in Arms  |       |       |     3 |     2 ||     5
   Stab: Distracted        |       |       |       |     1 ||     1
 Armour: Animal skin       |       |    36 |    29 |     4 ||    69
         Troll leather arm |       |       |       |    25 ||    25
  Dodge: Dodged            |       |    21 |    28 |    17 ||    66

Table legend: (Time is in decaauts)
 A = Elapsed time spent in this place.
 B = Non-inter-level travel time spent in this place.
 C = Inter-level travel time spent in this place.
 D = Time resting spent in this place.
 E = Time spent auto-exploring this place.
 F = Levels seen in this place.
 G = Mean time per level.
                   A        B        C        D        E       F      G
               +--------+--------+--------+--------+--------+-----+--------+
         Total |    909 |    909 |      0 |    292 |    242 |   1 |  909.0 |
       Dungeon |    909 |    909 |      0 |    292 |    242 |   1 |  909.0 |
               +--------+--------+--------+--------+--------+-----+--------+

Top non-repeatable levels by time:
       D: 909 daAuts
